Map: Acropolis LE

Players

Reynor - Winner!

  • Race: Zerg Zerg
  • Spawn Location: 11:00

Nerchio

  • Race: Zerg Zerg
  • Spawn Location: 5:00

Event: 2019 WCS Summer

VOD

Have the link to the VOD?

Description

Time

  • Played on: July 13, 2019, 12:44 p.m.
  • Length: 11:35

All games in this series

Show
View Real Time Build Order
Export as new Build Order

Reynor Zerg - Winner!

Build Orders: Hatch First, Roach Hydra 

Get SALT Encoding   

  12  0:00  Drone  
  13  0:12  Overlord  
  13  0:17  Drone  
  14  0:30  Drone x2  
  16  0:48  Hatchery  
  15  0:51  Drone  
  15  0:54  Drone  
  17  0:57  Drone  
  18  1:09  Extractor  
  17  1:14  Spawning Pool  
  17  1:16  Drone  
  17  1:20  Drone  
  18  1:28  Drone  
  19  1:39  Drone  
  20  1:49  Overlord  
  20  2:00  Zergling x4  
  20  2:01  Queen x2  
  26  2:10  Drone  
  26  2:11  Metabolic Boost, Drone  
  28  2:22  Drone x2  
  30  2:35  Hatchery  
  30  2:36  Drone  
  30  2:39  Drone  
  30  2:43  Drone x2  
  33  2:51  Baneling Nest  
  33  2:53  Overlord  
  33  2:56  Drone  
  33  3:04  Zergling x4  
  35  3:10  Zergling x2  
  35  3:11  Drone  
  35  3:12  Zergling x2, Drone  
  39  3:13  Zergling x4  
  41  3:20  Evolution Chamber, Overlord  
  41  3:22  Drone  
  41  3:32  Drone x2  
  43  3:35  Baneling x2  
  43  3:41  Drone x4  
  43  3:43  Queen  
  43  3:48  Overlord  
  48  3:50  Drone  
  49  3:56  Drone  
  49  3:58  Zerg Missile Weapons Level 1  
  49  4:00  Drone x2  
  49  4:01  Drone  
  52  4:09  Drone x2  
  54  4:11  Drone x2, Overlord  
  54  4:16  Roach Warren  
  55  4:19  Extractor  
  55  4:20  Baneling, Extractor  
  53  4:25  Zergling x4  
  53  4:27  Drone x4  
  59  4:32  Overlord  
  59  4:34  Lair  
  59  4:36  Drone  
  59  4:38  Drone  
  61  4:41  Drone  
  61  4:45  Drone  
  63  4:46  Overlord  
  63  4:51  Drone  
  66  4:52  Drone x2  
  66  4:53  Drone x4  
  66  4:54  Drone  
  66  4:58  Drone x3  
  74  5:02  Extractor  
  74  5:03  Pneumatized Carapace  
  74  5:04  Drone  
  74  5:06  Overlord  
  74  5:13  Drone x2  
  76  5:17  Drone  
  76  5:18  Extractor x2  
  74  5:25  Drone x4  
  74  5:27  Drone  
  74  5:28  Drone x4  
  83  5:29  Roach x2  
  83  5:33  Overseer, Roach x2  
  91  5:38  Roach  
  93  5:43  Roach x2  
  93  5:44  Glial Reconstitution  
  93  5:45  Overlord  
  93  5:47  Evolution Chamber  
  96  5:56  Overlord  
  96  5:57  Overlord  
  96  6:00  Spine Crawler  
  96  6:01  Spine Crawler, Roach  
  96  6:03  Overlord  
  96  6:04  Roach x3  
  96  6:05  Roach  
  104  6:16  Roach x6  
  116  6:20  Roach  
  116  6:24  Zerg Missile Weapons Level 2  
  118  6:26  Roach x2  
  118  6:30  Roach  
  124  6:35  Overlord  
  124  6:37  Roach x3  
  124  6:39  Overlord  
  129  6:41  Roach  
  129  6:45  Overlord  
  123  6:47  Roach x2  
  123  6:48  Roach  
  123  6:50  Overlord  
  123  6:51  Roach  
  128  6:54  Zerg Ground Armor Level 1  
  128  6:59  Roach x3  
  131  7:02  Hatchery  
  131  7:03  Roach  
  131  7:07  Roach x2  
  136  7:14  Roach  
  136  7:15  Queen, Roach  
  142  7:17  Roach x4  
  142  7:19  Ravager  
  142  7:20  Ravager  
  152  7:24  Roach  
  152  7:25  Roach x2  
  152  7:27  Overlord  
  152  7:28  Roach  
  160  7:33  Overlord  
  158  7:38  Roach x2  
  160  7:45  Overlord  
  160  7:46  Tunneling Claws, Burrow, Roach x4  
  160  7:51  Ravager  
  169  7:52  Roach  
  169  7:56  Ravager  
  169  7:57  Overlord  
  172  7:59  Roach x2  
  172  8:02  Overlord  
  172  8:03  Hydralisk Den, Roach x3  
  172  8:04  Roach  
  179  8:08  Roach x2  
  183  8:14  Roach  
  183  8:16  Roach  
  179  8:21  Roach  
  179  8:23  Roach x4  
  185  8:29  Roach x5  
  195  8:36  Grooved Spines  
  195  8:44  Roach x3  
  197  8:58  Roach x6  
  197  9:01  Hydralisk x8  
  198  9:04  Hydralisk x3  
  198  9:06  Roach x2  
  184  9:11  Roach x5  
  184  9:12  Hydralisk  
  184  9:15  Roach x2  
  184  9:16  Roach x8  
  169  9:18  Roach x4  
  169  9:19  Roach x2  
  153  9:26  Roach x4  
  153  9:28  Roach x2  
  159  9:34  Roach x3  
  165  9:41  Roach x4  
  165  9:44  Roach  
  167  9:47  Roach  
  167  9:49  Muscular Augments  
  167  9:50  Spore Crawler  
  167  9:52  Roach x2  
  152  9:54  Roach  
  152  9:56  Roach  
  152  9:58  Roach  
  156  10:01  Spore Crawler  
  156  10:02  Roach  
  156  10:04  Roach  
  161  10:07  Roach  
  161  10:10  Spore Crawler  
  161  10:11  Drone  
  161  10:14  Roach x2  
  161  10:18  Roach  
  161  10:19  Ravager  
  168  10:21  Extractor, Roach x3  
  168  10:22  Roach x2  
  168  10:24  Overlord  
  168  10:28  Roach x2  
  181  10:34  Overlord  
  182  10:38  Overlord  
  182  10:44  Roach x4  
  190  10:50  Overlord  
  190  10:58  Roach x4  
Show
View Real Time Build Order
Export as new Build Order

Nerchio Zerg 

Build Orders: Hatch First 

Get SALT Encoding   

  12  0:00  Drone  
  13  0:12  Overlord  
  13  0:16  Drone  
  14  0:30  Drone x2  
  16  0:47  Hatchery  
  15  0:50  Drone  
  15  0:54  Drone  
  17  0:57  Drone  
  18  1:07  Extractor  
  17  1:13  Spawning Pool  
  17  1:16  Drone  
  17  1:20  Drone  
  18  1:28  Drone  
  19  1:38  Drone  
  20  1:49  Overlord  
  20  1:59  Queen x2  
  20  2:00  Zergling x4  
  26  2:09  Metabolic Boost  
  26  2:11  Drone  
  26  2:12  Drone  
  28  2:20  Drone  
  28  2:21  Drone  
  30  2:35  Hatchery  
  29  2:38  Drone  
  29  2:41  Drone  
  29  2:43  Drone  
  32  2:47  Overlord  
  32  2:56  Baneling Nest  
  32  2:57  Drone x2  
  33  3:07  Drone x3  
  33  3:09  Drone x2  
  33  3:11  Zergling x2  
  33  3:12  Zergling x2  
  40  3:15  Drone  
  40  3:19  Overlord  
  41  3:22  Zergling x2  
  42  3:28  Queen  
  42  3:33  Evolution Chamber  
  42  3:34  Zergling x2  
  44  3:39  Baneling x2  
  44  3:40  Zergling x6  
  47  3:48  Drone x4  
  51  3:53  Drone x3  
  54  3:58  Drone x2  
  54  4:01  Zerg Missile Weapons Level 1  
  56  4:07  Overlord  
  56  4:09  Drone x2  
  58  4:11  Extractor  
  58  4:14  Drone  
  57  4:20  Overlord x2  
  57  4:26  Extractor  
  57  4:27  Drone  
  57  4:30  Drone x2  
  59  4:32  Drone  
  59  4:34  Lair  
  59  4:38  Overlord x2  
  60  4:39  Drone x3  
  60  4:41  Drone x2  
  60  4:44  Drone  
  60  4:45  Drone  
  67  4:47  Extractor  
  67  4:52  Roach Warren  
  66  4:54  Drone x2  
  66  4:56  Drone, Extractor  
  66  4:57  Extractor  
  67  5:07  Drone  
  67  5:08  Drone x4  
  72  5:16  Drone x3  
  72  5:19  Overlord  
  74  5:32  Roach x7  
  88  5:36  Overlord x3  
  88  5:37  Nydus Network  
  88  5:39  Roach  
  88  5:41  Glial Reconstitution  
  88  5:42  Roach  
  91  5:45  Roach  
  91  5:46  Roach  
  91  5:48  Roach  
  97  5:51  Overlord  
  97  5:55  Roach x3  
  103  5:58  Roach  
  103  5:59  Roach  
  103  6:00  Roach  
  103  6:02  Roach  
  103  6:04  Roach  
  113  6:13  Nydus Canal  
  113  6:14  Roach x5  
  123  6:21  Roach x2  
  123  6:22  Roach  
  123  6:23  Overlord  
  129  6:36  Overlord  
  129  6:37  Roach  
  125  6:42  Roach x9  
  130  6:47  Roach  
  124  6:55  Extractor, Roach x4  
  130  7:06  Drone x4  
  134  7:13  Zerg Missile Weapons Level 2  
  134  7:15  Spire  
  133  7:16  Overlord  
  133  7:19  Roach x6  
  145  7:24  Overlord  
  145  7:25  Overlord  
  145  7:41  Roach x4  
  145  7:44  Hatchery  
  145  7:46  Roach  
  145  7:47  Roach x2  
  148  7:53  Roach x3  
  154  8:03  Overlord x2  
  148  8:27  Mutalisk x8  
  142  8:30  Roach x4  
  166  8:37  Roach x3  
  172  8:44  Roach x2  
  172  8:45  Roach  
  178  8:50  Roach  
  178  8:55  Roach x4  
  170  9:04  Roach  
  170  9:07  Roach  
  170  9:08  Overseer, Roach x4  
  152  9:12  Spine Crawler  
  152  9:14  Overseer, Roach x2  
  152  9:15  Overseer  
  152  9:16  Roach  
  139  9:20  Queen  
  139  9:24  Roach x2  
  120  9:27  Roach  
  123  9:32  Roach x3  
  123  9:36  Roach x2  
  131  9:41  Roach  
  127  9:48  Roach x2  
  127  9:52  Roach  
  118  9:57  Roach x3  
  118  9:58  Roach x2  
  128  10:02  Roach  
  130  10:07  Roach  
  130  10:13  Roach  
  130  10:14  Roach  
  136  10:19  Roach  
  140  10:21  Roach  
  140  10:23  Queen  
  140  10:25  Roach x2  
  140  10:26  Roach  
  148  10:28  Ravager x2  
  148  10:29  Ravager x2  
  148  10:32  Roach x2  
  156  10:39  Ravager x2  
  156  10:41  Roach x2  
  156  10:42  Roach  
  164  10:52  Roach x3  
  164  10:56  Roach x3  
  164  10:57  Roach, Overlord  
  178  10:58  Overlord  
  178  11:09  Overlord  
  178  11:10  Overlord  
Tags
 
Add a new tag
Caveats
  • Supply blocks, unpowered buildings, or Contaminate may cause inaccurate times.
  • Supply counts are checked every 10 seconds.